 Dungeon Crawl Stone Soup version 0.15-b1-63-g828a17f (webtiles) character file.

89 Sachiko the Practitioner (level 4, -2/36 HPs)
             Began as a Minotaur Healer on Aug 13, 2014.
             Was a Believer of Elyvilon.
             Slain by Crazy Yiuf
             ... wielding a +4 quarterstaff of chaos
              (4 damage)
             ... on Level 3 of the Dungeon.
             The game lasted 00:06:58 (1474 turns).

Sachiko the Practitioner (Minotaur Healer)          Turns: 1474, Time: 00:07:00

HP  -2/36        AC  6     Str 16      XL: 4   Next: 31%
MP   4/5         EV  8     Int 10      God: Elyvilon [**....]
Gold 44          SH  0     Dex 10      Spells:  0 memorised,  3 levels left

rFire  . . .     SeeInvis .     i - +1 long sword
rCold  . . .     Clarity  .     n - +0 scale mail
rNeg   . . .     rCorr    .     (no shield)
rPois  .         rRot     .     (helmet restricted)
rElec  .         Spirit   .     (no cloak)
SustAb .         Warding  .     (no gloves)
rMut   .         Stasis   .     (no boots)
Gourm  .                        (no amulet)
MR     .....                    (no ring)
                                (no ring)

@: not resistant to hostile enchantments, extremely unstealthy
A: retaliatory headbutt, horns 2
a: Lesser Healing, Lesser Self-Healing, Divine Protection, Purification,
Renounce Religion


You were on level 3 of the Dungeon.
You worshipped Elyvilon.
Elyvilon was pleased with you.
You were not hungry.

You visited 1 branch of the dungeon, and saw 3 of its levels.

You collected 44 gold pieces.

Inventory:

Hand weapons
 i - a +1 long sword (weapon)
Armour
 a - a +1 robe
 n - a +0 scale mail (worn)
Magical devices
 l - a wand of random effects (14) {unknown}
Comestibles
 d - 3 bread rations
 h - 2 meat rations
Scrolls
 g - 3 scrolls of blinking
 k - a scroll of identify
Potions
 b - 4 potions of curing
 c - a potion of heal wounds
 e - a potion of agility
 j - a potion of might


   Skills:
 + Level 1.7 Fighting
 + Level 0.5 Armour
 + Level 3.5 Dodging
 + Level 4.0 Invocations


You had 3 spell levels left.
You didn't know any spells.

Dungeon Overview and Level Annotations

Branches:
Dungeon (3/15)

Altars:

Annotations:
D:3 Crazy Yiuf


Innate Abilities, Weirdness & Mutations

You reflexively headbutt those who attack you in melee.
You have a pair of horns on your head.


Message History

Crazy Yiuf hits you with a quarterstaff of chaos!
You slash Crazy Yiuf!
Crazy Yiuf is heavily wounded.
Crazy Yiuf hits you with a quarterstaff of chaos.
Crazy Yiuf freezes you.
You hit Crazy Yiuf.
Crazy Yiuf is heavily wounded.
Crazy Yiuf hits you with a quarterstaff of chaos!
Crazy Yiuf draws strength from your injuries!
You hit Crazy Yiuf. Your headbutt misses Crazy Yiuf.
Crazy Yiuf is moderately wounded.
Crazy Yiuf barely misses you. You furiously retaliate!
You headbutt Crazy Yiuf. You barely miss Crazy Yiuf.
Your headbutt misses Crazy Yiuf.
Crazy Yiuf is severely wounded.
Crazy Yiuf barely misses you. You furiously retaliate!
You headbutt Crazy Yiuf, but do no damage.
Crazy Yiuf hits you with a quarterstaff of chaos!
* * * LOW HITPOINT WARNING * * *
Crazy Yiuf burns you.
You die...

##....####.#.>......
#....# #........#.
♣PP.P♣ #........#.
♣♣♣P.♣ #........##
♣.♣♣ #<#.#######
♣♣.♣ #.#.# # ♣.♣♣
#.#.# ♣♣.♣
###.####### ♣@♣♣
......... #g#
.####### ... #......
#...# #.##### #)..#
.##### ##### ......
.#####


You could see Crazy Yiuf.

Vanquished Creatures
  Jessica (D:2)
  2 adders (D:2)
  3 worms (D:2)
  4 giant geckos
  4 bats
  2 giant cockroaches
  3 goblins
  8 hobgoblins
  A kobold (D:2)
  3 rats
  A fungus (D:3)
32 creatures vanquished.

Notes
Turn   | Place    | Note
--------------------------------------------------------------
     0 | D:1      | Sachiko, the Minotaur Healer, began the quest for the Orb.
     0 | D:1      | Reached XP level 1. HP: 16/16 MP: 1/1
    68 | D:1      | Reached skill level 3 in Invocations
   128 | D:1      | Reached XP level 2. HP: 14/23 MP: 2/2
   599 | D:2      | Noticed Jessica
   700 | D:2      | Killed Jessica
   700 | D:2      | Reached XP level 3. HP: 26/28 MP: 1/4
  1216 | D:2      | Reached XP level 4. HP: 23/35 MP: 5/5
  1356 | D:2      | Reached skill level 4 in Invocations
  1467 | D:3      | Noticed Crazy Yiuf
  1474 | D:3      | Slain by Crazy Yiuf

Action                   |  1- 3 |  4- 6 || total
-------------------------+-------+-------++-------
Melee: Unarmed           |    70 |       ||    70
       Long sword        |    44 |    25 ||    69
Invok: Lesser Healing    |     5 |     1 ||     6
       Lesser Self-Heali |     1 |       ||     1
  Use: Scroll            |     7 |     1 ||     8
  Eat: Chunk             |     1 |     2 ||     3
